[ AOE2 MATCH · #505675851 ]
UnrankedMongols vs Portuguese
Player's team · WIN
[ REPLAY ANALYSIS · EXTRACTED FROM THE RECORDED GAME ]
Feudal
8:38
Castle
—
Imperial
—
| APM avg | 53.2 |
| APM peak | 97 |
| eAPM avg | 22.3 |
| Villagers / military | 35 / 5 |
Focus
⚔️ 37.9% · 🌾 62.1%
Scout Cavalry ×5
Feudal
10:43
Castle
15:09
Imperial
—
| APM avg | 48.5 |
| APM peak | 111 |
| eAPM avg | 25.3 |
| Villagers / military | 23 / 0 |
Focus
⚔️ 37.6% · 🌾 62.4%
Match map
Initial resources + every placement click. Lines = walls · curves = elevation contours. ◆ gold · ⬟ stone · ● berries · ✦ relic · ◌ wall gap
Your base· Open — unwalled flank
Wyodaniel's base· Open — 6t gap
Smoothed initial terrain · ◌ = detected wall gap · hover for details
Inputs per minute
— Roxola1285 - - Wyodaniel
Build order — Roxola1285
76 actions detected in the replay
| 0:01 | Queue | Villager (Male) |
| 0:02 | Queue | Villager (Male) |
| 0:02 | Queue | Villager (Male) |
| 0:02 | Queue | Villager (Male) |
| 0:02 | Queue | Villager (Male) |
| 0:05 | Build | House |
| 0:06 | Build | House |
| 1:25 | Queue | Villager (Male) |
| 1:53 | Queue | Villager (Male) |
| 2:16 | Queue | Villager (Male) |
| 2:46 | Queue | Villager (Male) |
| 2:57 | Queue | Villager (Male) |
| 3:08 | Build | Lumber Camp |
| 3:11 | Queue | Villager (Male) |
| 3:31 | Queue | Villager (Male) |
| 4:32 | Queue | Villager (Male) |
| 4:38 | Research | Loom |
| 4:40 | Build | House |
| 5:04 | Queue | Villager (Male) |
| 5:26 | Queue | Villager (Male) |
| 5:32 | Build | Mill |
| 5:46 | Queue | Villager (Male) |
| 6:28 | Research | Feudal Age |
| 7:17 | Queue | Villager (Male) |
| 7:30 | Build | Barracks |
| 7:41 | Queue | Villager (Male) |
| 8:10 | Build | House |
| 8:38 | Age | Feudal Age |
| 8:39 | Build | Stable |
| 8:49 | Queue | Villager (Male) |
| 9:06 | Queue | Scout Cavalry |
| 9:28 | Queue | Villager (Male) |
| 9:40 | Build | Mining Camp |
| 9:45 | Queue | Villager (Male) |
| 9:57 | Queue | Scout Cavalry |
| 10:00 | Build | Watch Tower |
| 10:38 | Queue | Villager (Male) |
| 10:45 | Build | House |
| 10:57 | Queue | Villager (Male) |
| 11:11 | Build | Watch Tower |
| 11:17 | Research | Double-Bit Axe |
| 11:37 | Queue | Villager (Male) |
| 12:00 | Queue | Villager (Male) |
| 12:07 | Build | Mill |
| 12:31 | Queue | Villager (Male) |
| 12:36 | Queue | Villager (Male) |
| 13:08 | Build | Watch Tower |
| 13:12 | Queue | Scout Cavalry |
| 13:12 | Queue | Villager (Male) |
| 13:24 | Build | House |
| 13:26 | Research | Town Watch |
| 13:26 | Research | Town Watch |
| 13:31 | Build | House |
| 13:34 | Build | House |
| 13:46 | Build | Palisade Wall |
| 13:47 | Build | Palisade Wall |
| 13:50 | Queue | Villager (Male) |
| 14:00 | Queue | Scout Cavalry |
| 14:04 | Build | Farm |
| 14:06 | Build | Farm |
| 14:14 | Queue | Villager (Male) |
| 14:16 | Build | House |
| 14:42 | Queue | Villager (Male) |
| 14:50 | Build | Watch Tower |
| 15:01 | Build | Farm |
| 15:03 | Build | Farm |
| 15:08 | Queue | Villager (Male) |
| 15:10 | Build | Farm |
| 15:16 | Queue | Scout Cavalry |
| 15:45 | Build | Mining Camp |
| 16:37 | Queue | Villager (Male) |
| 17:04 | Build | Lumber Camp |
| 17:04 | Queue | Villager (Male) |
| 17:33 | Build | Farm |
| 17:43 | Build | Farm |
| 17:46 | Queue | Villager (Male) |
Build order — Wyodaniel
52 actions detected in the replay
| 0:00 | Queue | Villager (Male) |
| 0:01 | Queue | Villager (Male) |
| 0:01 | Queue | Villager (Male) |
| 0:02 | Build | House |
| 0:03 | Build | House |
| 0:06 | Queue | Villager (Male) |
| 1:58 | Queue | Villager (Male) |
| 1:59 | Queue | Villager (Male) |
| 2:23 | Queue | Villager (Male) |
| 2:33 | Queue | Villager (Male) |
| 2:50 | Build | Lumber Camp |
| 3:24 | Queue | Villager (Male) |
| 3:25 | Queue | Villager (Male) |
| 3:26 | Queue | Villager (Male) |
| 3:51 | Queue | Villager (Male) |
| 4:06 | Build | House |
| 4:35 | Queue | Villager (Male) |
| 4:57 | Build | Mill |
| 5:01 | Queue | Villager (Male) |
| 5:24 | Queue | Villager (Male) |
| 5:24 | Queue | Villager (Male) |
| 5:30 | Build | House |
| 5:57 | Queue | Villager (Male) |
| 5:58 | Queue | Villager (Male) |
| 6:30 | Queue | Villager (Male) |
| 6:38 | Build | Palisade Wall |
| 6:40 | Build | Palisade Wall |
| 6:46 | Build | Palisade Wall |
| 6:52 | Queue | Villager (Male) |
| 6:53 | Research | Loom |
| 7:42 | Build | Palisade Wall |
| 7:46 | Build | Palisade Wall |
| 8:14 | Build | Mining Camp |
| 8:27 | Research | Feudal Age |
| 9:16 | Build | Palisade Wall |
| 9:18 | Build | Palisade Wall |
| 9:20 | Build | Palisade Wall |
| 9:31 | Build | Palisade Wall |
| 9:33 | Build | Palisade Wall |
| 9:34 | Build | Palisade Wall |
| 10:43 | Age | Feudal Age |
| 10:49 | Build | Blacksmith |
| 10:52 | Build | Market |
| 12:29 | Research | Castle Age |
| 12:29 | Research | Castle Age |
| 15:09 | Age | Castle Age |
| 15:14 | Queue | Villager (Male) |
| 15:43 | Build | Castle |
| 15:47 | Queue | Villager (Male) |
| 16:10 | Build | House |
| 17:22 | Build | Lumber Camp |
| 17:28 | Queue | Villager (Male) |
Match timeline
| 6:38 | Wyodaniel · wall_segment Palisade Wall x1 |
| 6:40 | Wyodaniel · wall_segment Palisade Wall x1 |
| 6:46 | Wyodaniel · wall_segment Palisade Wall x8 |
| 7:30 | Roxola1285 · first_building Barracks |
| 7:42 | Wyodaniel · wall_segment Palisade Wall x5 |
| 7:46 | Wyodaniel · wall_segment Palisade Wall x5 |
| 8:38 | Roxola1285 · age_up feudal |
| 8:39 | Roxola1285 · first_building Stable |
| 9:16 | Wyodaniel · wall_segment Palisade Wall x1 |
| 9:18 | Wyodaniel · wall_segment Palisade Wall x1 |
| 9:20 | Wyodaniel · wall_segment Palisade Wall x1 |
| 9:31 | Wyodaniel · wall_segment Palisade Wall x1 |
| 9:33 | Wyodaniel · wall_segment Palisade Wall x1 |
| 9:34 | Wyodaniel · wall_segment Palisade Wall x1 |
| 10:43 | Wyodaniel · age_up feudal |
| 11:50 | Wyodaniel · first_market_sell 100 stone |
| 13:46 | Roxola1285 · wall_segment Palisade Wall x2 |
| 13:47 | Roxola1285 · wall_segment Palisade Wall x1 |
| 15:09 | Wyodaniel · age_up castle |
| 15:43 | Wyodaniel · first_building Castle |
| 18:16 | Wyodaniel · resign |
[ AI ANALYSIS · 1 CREDIT ]
What really happened in this match?
Wolo.gg analyzes every decision: build order, eco, micro, common mistakes by bracket. Personalized analysis on WhatsApp or Discord in 30 seconds.
Civ guide
Mongols
Perfil
Jugador #13144794